 Dungeon Crawl Stone Soup version 0.30-a0-728-gc68057be0a (webtiles) character file.

Game seed: 16877519354498788122

12599 kae the Destroyer (level 11, -3/54 HPs)
             Began as a Gargoyle Earth Elementalist on Jan 30, 2023.
             Was an Elder of Vehumet.
             Slain by a wolf (5 damage)
             ... on level 1 of the Lair of Beasts.
             The game lasted 00:13:06 (12231 turns).

kae the Destroyer (Gargoyle Earth Elementalist)    Turns: 12231, Time: 00:13:07

Health: -3/54      AC: 16    Str: 12    XL:     11   Next: 95%
Magic:  14/33      EV: 11    Int: 20    God:    Vehumet [****..]
Gold:   639        SH:  0    Dex: 10    Spells: 10/28 levels left

rFire   . . .      SeeInvis .    o - staff of earth {!a}
rCold   . . .      Faith    .    (no shield)
rNeg    + . .      Spirit   .    M - +0 steam dragon scales
rPois   ∞          Reflect  .    n - +0 helmet
rElec   +          Harm     .    x - +1 cloak
rCorr   .          Rampage  .    (no gloves)
Will    .....                    (no boots)
Stlth   ++                       (no amulet)
HPRegen 0.29/turn                L - ring of flight
MPRegen 0.23/turn                W - ring of magical power

@: flying
A: sickness immunity, AC +8, negative energy resistance 1, electricity
resistance, torment resistance 1, petrification resistance
a: Renounce Religion


You were on level 1 of the Lair of Beasts.
You worshipped Vehumet.
Vehumet was greatly pleased with you.
You visited 2 branches of the dungeon, and saw 12 of its levels.
You also visited: Bailey.

You collected 777 gold pieces.
You spent 138 gold pieces at shops.


Innate Abilities, Weirdness & Mutations

You are immune to sickness and miasma.
Your stone body is resilient. (AC +8)
You are immune to poison.
You resist negative energy. (rN+)
You are resistant to electric shocks. (rElec)
You are resistant to unholy torment.
You are immune to petrification.


   Skills:
 - Level 1.5 Dodging
 - Level 2.1 Stealth
 + Level 9.3 Spellcasting
 + Level 13.6 Conjurations
 - Level 0.7 Transmutations
 + Level 12.4 Earth Magic


You had 10 spell levels left.
You knew the following spells:

 Your Spells              Type           Power      Damage    Failure   Level
a - Sandblast             Erth           100%       2d20      1%          1
b - Stone Arrow           Conj/Erth      100%       3d13      1%          3
c - Lehudib's Crystal Sp  Conj/Erth      37%        10d9      50%         8
d - Petrify               Tmut/Erth      52%        N/A       4%          4
e - Passwall              Tmut/Erth      43%        N/A       1%          2

Your spell library contained the following spells:

 Spells                   Type           Power      Damage    Failure   Level
 Mephitic Cloud           Conj/Pois/Air  27%        N/A       1%          3
 Magic Dart               Conj           100%       1d8       1%          1
 Searing Ray              Conj           100%       2d8       1%          2
 Static Discharge         Conj/Air       72%        2-5/arc   1%          2
 Flame Wave               Conj/Fire      36%        2d10      1%          4
 Fulminant Prism          Conj/Hex       18%        3d10      1%          4
 Sticky Flame             Conj/Fire      36%        2d6       1%          4
 Fireball                 Conj/Fire      18%        3d9       3%          5
 Ignite Poison            Fire/Tmut/Pois 10%        N/A       5%          3
 Inner Flame              Hex/Fire       9%         N/A       6%          3
 Call Canine Familiar     Summ           9%         N/A       22%         3
 Ozocubu's Armour         Ice            9%         N/A       22%         3
 Metabolic Englaciation   Hex/Ice        4%         N/A       90%         5
 Simulacrum               Ice/Necr       4%         N/A       100%        6
 Summon Cactus Giant      Summ           4%         N/A       100%        6
 Haunt                    Necr/Summ      4%         N/A       100%        7
 Ignition                 Fire           4%         3d4       100%        8

Inventory:

Hand Weapons
 m - a +11 club
   (You took it off Robin on level 2 of the Dungeon)
Missiles
 a - 30 stones
 f - 4 javelins
Armour
 n - a +0 helmet (worn)
   (You took it off Robin on level 2 of the Dungeon)
 x - a +1 cloak (worn)
   (You took it off Crazy Yiuf on level 4 of the Dungeon)
 M - +0 steam dragon scales (worn)
   (You found it on level 10 of the Dungeon)
Magical Staves
 o - a staff of earth (weapon) {!a}
   (You acquired it on level 4 of the Dungeon)
 z - a staff of cold {!a}
   (You found it on level 7 of the Dungeon)
Jewellery
 d - a +6 ring of dexterity
   (You found it on level 5 of the Dungeon)
 v - a ring of see invisible
   (You found it on level 5 of the Dungeon)
 C - a ring of protection from cold
   (You found it on level 2 of the Dungeon)
 D - a +6 ring of dexterity
   (You took it off a hobgoblin on level 3 of the Dungeon)
 L - a ring of flight (left hand)
   (You took it off a hobgoblin on level 1 of the Dungeon)
 R - a ring of resist corrosion
   (You took it off an orc wizard on level 8 of the Dungeon)
 W - a ring of magical power (right hand)
   (You found it on level 2 of the Dungeon)
Wands
 k - a wand of charming (14)
   (You found it on level 2 of the Dungeon)
 t - a wand of flame (20)
   (You found it on level 3 of the Dungeon)
 K - a wand of light (15)
   (You found it on level 8 of the Dungeon)
Scrolls
 c - 4 scrolls of noise {!r}
 e - 5 scrolls of immolation {!r!r}
 g - a scroll of poison {unknown}
 l - 2 scrolls of fog
 p - 10 scrolls of teleportation {@r4}
 u - a scroll of silence {!r}
 y - a scroll of amnesia {unknown}
 G - 2 scrolls of enchant weapon
 H - 2 scrolls of vulnerability {!r!r}
 J - 2 scrolls of magic mapping {!r}
Potions
 b - a potion of magic
 h - 7 potions of flight
 i - 2 potions of attraction {!q}
 j - 2 potions of heal wounds {@q2}
 q - 3 potions of invisibility
 r - a potion of haste {@q3}
 s - 2 potions of might
 w - 3 potions of curing {@q1}
 A - a potion of resistance
 B - 2 potions of lignification {!q}
 F - a potion of mutation {!q}
 I - 2 potions of brilliance

Dungeon Overview and Level Annotations

Branches:
Dungeon (11/15) Zot: 25811  Temple (0/1) D:6            Lair (1/5) D:11 Zot: 5596
    Orc (0/2) D:10         Bailey (visited)

Altars:
Cheibriados
Elyvilon
Makhleb
Okawaru
Qazlal
Sif Muna
Uskayaw
Vehumet
Xom
The Shining One

Shops:
D:6 ? D:9

[([* #####....#
###........##
###............
#..............
#..............
...............
#......††......
#.#@h....#
###..hh.....P
##............
#....###......
##...## ....#.
#...## ...##
#...####....#
#..............
#................


You could see 3 wolves.


Message History

Press: ? - help, Shift-Dir - straight line, f/p - cane toad
Aim: a cane toad (heavily wounded, 81% to hit)
You feel a surge of power!
The stone arrow misses the cane toad.
The cane toad stings you! 😕 HP[-8] MP[-3]
You take 8 damage, and now have 46/54 hp.
You lost 3 mp, and now have 24/33 mp.
Casting: Stone Arrow (safe; 1% risk of failure)
Confirm with . or Enter, or press ? or * to list all spells.
Aiming: Sandblast (safe; 1% risk of failure)
Press: ? - help, Shift-Dir - straight line, f/p - cane toad
Aim: a cane toad (heavily wounded, 87% to hit)
You feel a surge of power!
The blast of sand hits the cane toad!
The wolf closely misses you.
The cane toad stings you but does no damage.
The wolf closely misses you. The wolf bites you but does no damage.
The cane toad stings you!
The wolf bites you but does no damage. 😮 HP[-9]
You take 9 damage, and now have 37/54 hp.
Casting: Sandblast (safe; 1% risk of failure)
Confirm with . or Enter, or press ? or * to list all spells.
Aiming: Sandblast (safe; 1% risk of failure)
Press: ? - help, Shift-Dir - straight line, f/p - cane toad
Aim: a cane toad (almost dead, 87% to hit)
You feel a surge of power!
The blast of sand hits the cane toad.
The wolf bites you but does no damage. The wolf misses you.
The wolf bites you but does no damage. x2
The cane toad stings you but does no damage.
The wolf bites you but does no damage. The wolf closely misses you.
The wolf barely misses you.
The wolf bites you but does no damage. 😮 MP[-1]
You lost 1 mp, and now have 23/33 mp.
Casting: Sandblast (safe; 1% risk of failure)
Confirm with . or Enter, or press ? or * to list all spells.
Aiming: Stone Arrow (safe; 1% risk of failure)
Press: ? - help, Shift-Dir - straight line, f/p - cane toad
Aim: a cane toad (almost dead, 81% to hit)
You feel a surge of power!
The stone arrow hits the cane toad!!
You kill the cane toad!
Vehumet accepts your kill.
The wolf bites you but does no damage. x3; The wolf bites you!
The wolf misses you. The wolf bites you but does no damage.
The wolf barely misses you. The wolf bites you but does no damage.
Casting: Stone Arrow (safe; 1% risk of failure)
Confirm with . or Enter, or press ? or * to list all spells.
Aiming: Sandblast (safe; 1% risk of failure)
Press: ? - help, Shift-Dir - straight line, f - wolf
Aim: a wolf (76% to hit)
You feel a surge of power!
The blast of sand misses the wolf.
The wolf barely misses you. The wolf bites you but does no damage.
The wolf misses you.
The wolf bites you but does no damage. x3
The wolf bites you.
* * * LOW HITPOINT WARNING * * *
The wolf closely misses you.
Casting: Sandblast (safe; 1% risk of failure)
Confirm with . or Enter, or press ? or * to list all spells.
Aiming: Stone Arrow (safe; 1% risk of failure)
Press: ? - help, Shift-Dir - straight line, f/p - wolf
Aim: a wolf (63% to hit)
You feel a surge of power!
The stone arrow misses the wolf.
The wolf bites you but does no damage. The wolf bites you.
* * * LOW HITPOINT WARNING * * *
The wolf bites you.
* * * LOW HITPOINT WARNING * * *
The wolf bites you but does no damage. The wolf completely misses you.
The wolf closely misses you. The wolf bites you but does no damage.
The wolf bites you.
* * * LOW HITPOINT WARNING * * *
Casting: Stone Arrow (safe; 1% risk of failure)
Confirm with . or Enter, or press ? or * to list all spells.
Aiming: Sandblast (safe; 1% risk of failure)
Press: ? - help, Shift-Dir - straight line, f/p - wolf
Aim: a wolf (76% to hit)
You feel a surge of power!
The blast of sand hits the wolf!
The wolf bites you.
* * * LOW HITPOINT WARNING * * *
The wolf barely misses you. The wolf misses you.
The wolf bites you but does no damage. The wolf bites you.
* * * LOW HITPOINT WARNING * * *
The wolf barely misses you.
The wolf bites you but does no damage. x3
The wolf barely misses you.
The wolf bites you but does no damage. x2
Casting: Sandblast (safe; 1% risk of failure)
Confirm with . or Enter, or press ? or * to list all spells.
Aiming: Stone Arrow (safe; 1% risk of failure)
Press: ? - help, Shift-Dir - straight line, f/p - wolf
Aim: a wolf (heavily wounded, 63% to hit)
You feel a surge of power!
The stone arrow misses the wolf.
The wolf barely misses you. The wolf closely misses you. The wolf misses you.
The wolf bites you!
* * * LOW HITPOINT WARNING * * *
Casting: Stone Arrow (safe; 1% risk of failure)
Confirm with . or Enter, or press ? or * to list all spells.
Aiming: Sandblast (safe; 1% risk of failure)
Press: ? - help, Shift-Dir - straight line, f/p - wolf
Aim: a wolf (heavily wounded, 76% to hit)
You feel a surge of power!
The blast of sand hits the wolf!
You kill the wolf!
Vehumet accepts your kill.
You feel your power returning. The wolf closely misses you.
The wolf bites you but does no damage. The wolf misses you. The wolf bites you.
You die...

Skill      XL: |  1  2  3  4  5  6  7  8  9 10 11 |
---------------+----------------------------------+-----
Earth Magic    | 4 5 6 7 8 9 11 12 | 12.4
Spellcasting   | 3 4 5 6 7 8 9 |  9.3
Conjurations   | 3 4 7 9 11 13 | 13.6
Dodging        | |  1.5
Stealth        | |  2.1
Transmutations | |  0.7

Action                     |  1- 3 |  4- 6 |  7- 9 | 10-12 || total
---------------------------+-------+-------+-------+-------++-------
  Melee: Unarmed           |     8 |       |       |       ||     8
         Staff             |       |       |    22 |     6 ||    28
   Cast: Sandblast         |    44 |    72 |    91 |   105 ||   312
         Stone Arrow       |       |     3 |    72 |   173 ||   248
    Use: Scroll            |       |     6 |    13 |     7 ||    26
 Armour: Robe              |     7 |    24 |    55 |    16 ||   102
         Steam dragon scal |       |       |       |    80 ||    80
  Dodge: Dodged            |    14 |    37 |    54 |    76 ||   181

Levels and vault maps discovered:
D:1:      dpeg_arrival_central, layout_basic
D:2:      layout_rooms, minmay_lizard_pond, uniq_robin
D:3:      minmay_thinvault, layout_basic, mainiacjoe_overflow_catch_the_wave
D:4:      layout_layer_cave, mainiacjoe_overflow_paths,
          minmay_tree_intersection, ebering_dispersal_statue_hall, uniq_grinder,
          uniq_crazy_yiuf_cottage
D:5:      layout_loops_ring, nicolae_overflow_crystal_walls,
          lemuel_crystal_altar, grunt_ministairs_6, grunt_decor_fettered,
          kennysheep_generic_room_7, uniq_menkaure, uniq_blork_the_orc
D:6:      layout_cave_pools, general_overflow_altar,
          minmay_temple_entry_water_ring, serial_shops,
          nicolae_shop_hallway_plus
D:7:      layout_loops_cross, makhleb_altar_promises_db, enter_bailey_2,
          uniq_duvessa, uniq_pikel
D:8:      layout_cave_pools, led_sif_pool, serial_column_ruins,
          column_ruins_square_medium, column_ruins_open_medium,
          column_ruins_grid_1, column_ruins_open_small_water,
          column_ruins_columns_straight, column_ruins_columns_straight
D:9:      layout_rooms, mainiacjoe_overflow_brackets, serial_shops, shop,
          nicolae_diamond_shop, nicolae_shop_stone, nicolae_take_the_stairs
D:10:     layout_rooms, okawaru_gym_becter, david_orc_4, kennysheep_boxes
D:11:     layout_rooms, erik_lair_dragon
Lair:1:   layout_hall_layers, cheibrodos_lair_caveside_slide, tgw_fedhas

Notes
Turn   | Place    | Note
-------+----------+-------------------------------------------
     0 | D:1      | kae the Gargoyle Earth Elementalist began the quest for the
                  | Orb.
     0 | D:1      | Reached XP level 1. HP: 10/10 MP: 3/3
     0 | D:1      | magus.rc [v1.11.3]
   205 | D:1      | Reached skill level 4 in Earth Magic
   247 | D:1      | Reached XP level 2. HP: 15/15 MP: 1/5
  1072 | D:2      | Learned a level 2 spell: Passwall
  1119 | D:2      | Reached XP level 3. HP: 19/19 MP: 2/6
  1288 | D:2      | Noticed Robin
  1305 | D:2      | Reached XP level 4. HP: 16/24 MP: 2/8
  1343 | D:2      | Reached skill level 3 in Spellcasting
  1365 | D:2      | Killed Robin
  1366 | D:2      | Reached skill level 5 in Earth Magic
  1710 | D:3      | Found a shimmering altar of Xom.
  1842 | D:3      | Found a hide-covered altar of Uskayaw.
  1898 | D:3      | Reached XP level 5. HP: 28/28 MP: 10/10
  1924 | D:3      | Noticed a black bear
  1928 | D:3      | Killed a black bear
  1929 | D:3      | Reached skill level 4 in Spellcasting
  1929 | D:3      | Reached skill level 6 in Earth Magic
  1929 | D:3      | Reached XP level 6. HP: 13/32 MP: 12/12
  1938 | D:3      | Learned a level 3 spell: Stone Arrow
  1943 | D:3      | Learned a level 4 spell: Petrify
  2118 | D:3      | Reached skill level 1 in Conjurations
  2311 | D:3      | Reached skill level 2 in Conjurations
  2873 | D:4      | Identified 2 scrolls of acquirement
  2873 | D:4      | Acquired a staff of earth
  2922 | D:4      | Noticed Grinder
  2927 | D:4      | Killed Grinder
  2928 | D:4      | Reached skill level 3 in Conjurations
  2928 | D:4      | Reached XP level 7. HP: 36/36 MP: 12/14
  3289 | D:4      | You add the spells Ignite Poison, Sticky Flame and Ignition
                  | to your library.
  3409 | D:4      | Found a stormy altar of Qazlal.
  4045 | D:4      | Found a runed translucent door.
  4046 | D:4      | Noticed Crazy Yiuf
  4053 | D:4      | Killed Crazy Yiuf
  4054 | D:4      | Reached skill level 4 in Conjurations
  4054 | D:4      | Reached skill level 7 in Earth Magic
  4096 | D:4      | Acquired Sif Muna's Omnibus of the Injurious Gang
  4097 | D:4      | You add the spells Magic Dart, Static Discharge, Call
                  | Canine Familiar, Fireball, Summon Cactus Giant, Haunt and
                  | Lehudib's Crystal Spear to your library.
  4131 | D:5      | Entered Level 5 of the Dungeon
  4261 | D:5      | Found a radiant altar of Vehumet.
  4297 | D:5      | Reached skill level 5 in Spellcasting
  4297 | D:5      | Reached XP level 8. HP: 41/41 MP: 15/15
  4319 | D:5      | Became a worshipper of Vehumet
  4394 | D:5      | Reached skill level 5 in Conjurations
  4483 | D:5      | Noticed Blork the orc
  4487 | D:5      | Killed Blork the orc
  4582 | D:5      | Noticed Menkaure
  4588 | D:5      | Killed Menkaure
  4687 | D:5      | Noticed a troll
  4690 | D:5      | Killed a troll
  4691 | D:5      | Reached skill level 6 in Conjurations
  4691 | D:5      | Reached skill level 8 in Earth Magic
  4830 | D:5      | Found a glowing golden altar of the Shining One.
  5102 | D:6      | Reached skill level 7 in Conjurations
  5176 | D:6      | Reached skill level 6 in Spellcasting
  5176 | D:6      | Reached XP level 9. HP: 45/45 MP: 18/18
  5221 | D:6      | Found Kefrarph's Magic Scroll Shop.
  5235 | D:6      | Reached * piety under Vehumet
  5235 | D:6      | Offered knowledge of Kiss of Death by Vehumet.
  5343 | D:6      | Bought a scroll of magic mapping for 90 gold pieces
  5343 | D:6      | Bought a scroll of identify for 24 gold pieces
  5343 | D:6      | Bought a scroll of identify for 24 gold pieces
  5352 | D:6      | Found a staircase to the Ecumenical Temple.
  5615 | D:6      | Reached skill level 8 in Conjurations
  5734 | D:6      | Found a snail-covered altar of Cheibriados.
  5957 | D:7      | Reached skill level 9 in Earth Magic
  6081 | D:7      | Found a flagged portal.
  6120 | Bailey   | Entered a bailey
  6246 | Bailey   | Reached skill level 9 in Conjurations
  6251 | Bailey   | Offered knowledge of Foxfire by Vehumet.
  6367 | Bailey   | Reached skill level 7 in Spellcasting
  6554 | Bailey   | You pick up a book of Flames and begin reading...
  6554 | Bailey   | You add the spells Inner Flame and Flame Wave to your
                  | library.
  6835 | D:7      | Reached XP level 10. HP: 50/50 MP: 20/20
  6887 | D:7      | Noticed Pikel
  6907 | D:7      | Killed Pikel
  6907 | D:7      | Reached ** piety under Vehumet
  6908 | D:7      | Reached skill level 10 in Conjurations
  6908 | D:7      | Reached skill level 10 in Earth Magic
  7235 | D:7      | Noticed Duvessa
  7235 | D:7      | Noticed Dowan
  7239 | D:7      | Killed Duvessa
  7243 | D:7      | Killed Dowan
  7343 | D:7      | Found a burning altar of Makhleb.
  7343 | D:7      | Noticed a cacodemon
  7347 | D:7      | Noticed a smoke demon
  7347 | D:7      | Noticed a smoke demon
  7991 | D:8      | Found a shimmering blue altar of Sif Muna.
  8024 | D:8      | You pick up a book of Conjurations and begin reading...
  8024 | D:8      | You add the spells Searing Ray and Fulminant Prism to your
                  | library.
  8500 | D:9      | Found Bopalaiz's Antique Armour Boutique.
  8505 | D:10     | Entered Level 10 of the Dungeon
  8544 | D:9      | Offered knowledge of Kindle Blastsparks by Vehumet.
  8574 | D:10     | Reached skill level 11 in Conjurations
  8644 | D:9      | You pick up a book of Winter and begin reading...
  8644 | D:9      | You add the spells Ozocubu's Armour, Metabolic Englaciation
                  | and Simulacrum to your library.
  8689 | D:9      | Found Edifib's General Store.
  8876 | D:9      | Found Egat's Weapon Shop.
  8969 | D:9      | Noticed a two-headed ogre
  8971 | D:9      | Reached skill level 8 in Spellcasting
  8993 | D:8      | Killed a two-headed ogre
  8994 | D:8      | Reached skill level 11 in Earth Magic
  9015 | D:9      | Reached XP level 11. HP: 51/54 MP: 21/23
  9081 | D:9      | Reached *** piety under Vehumet
  9147 | D:9      | Found a white marble altar of Elyvilon.
  9210 | D:9      | Found Rij Hujel's Antique Armour Shoppe.
  9384 | D:9      | Learned a level 8 spell: Lehudib's Crystal Spear
  9411 | D:10     | Found an iron altar of Okawaru.
  9470 | D:10     | Noticed a two-headed ogre
  9477 | D:10     | Killed a two-headed ogre
  9478 | D:10     | Reached skill level 12 in Conjurations
 10022 | D:10     | HP: 13/54 [something (6)]
 10320 | D:10     | Offered knowledge of Iskenderun's Mystic Blast by Vehumet.
 10545 | D:10     | Found a staircase to the Orcish Mines.
 10908 | D:11     | Noticed a cyclops
 10913 | D:11     | Killed a cyclops
 10914 | D:11     | Reached skill level 13 in Conjurations
 11106 | D:11     | Reached skill level 9 in Spellcasting
 11223 | D:11     | Reached **** piety under Vehumet
 11375 | D:11     | Reached skill level 12 in Earth Magic
 11412 | D:11     | Noticed a cyclops
 11419 | D:11     | Killed a cyclops
 11474 | D:11     | Offered knowledge of Mephitic Cloud by Vehumet.
 11593 | D:11     | Found a staircase to the Lair.
 11832 | Lair:1   | Entered Level 1 of the Lair of Beasts
 12229 | Lair:1   | HP: 13/54 [wolf (6)]
 12230 | Lair:1   | HP: 2/54 [wolf (8)]
 12231 | Lair:1   | Slain by a wolf

Vanquished Creatures
  2 two-headed ogres
  Pikel (D:7)
  2 cyclopes (D:11)
  A cane toad (Lair:1)
  An unseen horror (D:10)
  A komodo dragon (D:11)
  2 trolls
  Grinder (D:4)
  A hornet (D:11)
  2 wraiths
  3 wyverns
  10 yaks
  2 basilisks (D:11)
  A steam dragon (D:10)
  Menkaure (D:5)
  An acid dragon (D:11)
  2 water moccasins (D:7)
  Duvessa (D:7)
  12 orc warriors
  2 sky beasts
  An ice beast (D:8)
  4 black bears
  3 ogres
  A wolf (Lair:1)
  A lemure (D:7)
  A centaur (D:10)
  Blork the orc (D:5)
  7 bullfrogs
  4 necrophages
  2 gnoll sergeants
  2 scorpions
  4 wights (D:10)
  Dowan (D:7)
  5 killer bees (D:8)
  6 electric eels (D:10)
  6 howler monkeys
  2 hounds
  3 jellies
  Crazy Yiuf (D:4)
  9 orc priests
  8 iguanas
  18 orc wizards
  Robin (D:2)
  10 adders
  9 gnolls
  2 white imps (D:6)
  4 worms
  4 dart slugs
  41 orcs
  4 bats
  5 endoplasms
  2 giant cockroaches
  14 goblins
  14 hobgoblins
  11 jackals
  3 quokkas
  4 ball pythons
  7 frilled lizards
  20 kobolds
  6 rats
300 creatures vanquished.

Vanquished Creatures (others)
  3 fungi
  2 plants (Lair:1)
5 creatures vanquished.

Grand Total: 305 creatures vanquished

Table legend:
 A = Non-vault XP
 B = Vault XP
 C = Vault XP percentage of total XP
 D = Non-vault monster count
 E = Vault monster count
 F = Vault count percentage of total count
                 A         B        C        D         E       F
            +---------+---------+-------+---------+---------+-------
      Total |   14039 |    4076 |  22.5 |     201 |      98 |  32.8
            +---------+---------+-------+---------+---------+-------
        D:1 |      20 |       4 |  16.7 |      10 |       2 |  16.7
        D:2 |      54 |      37 |  40.7 |      16 |      15 |  48.4
        D:3 |     242 |     232 |  48.9 |      14 |      21 |  60.0
        D:4 |      30 |     327 |  91.6 |      15 |       2 |  11.8
        D:5 |     794 |     339 |  29.9 |      15 |       5 |  25.0
        D:6 |    1285 |       0 |   0.0 |      21 |       0 |   0.0
        D:7 |     839 |     831 |  49.8 |      20 |       3 |  13.0
        D:8 |    1967 |       0 |   0.0 |      24 |       0 |   0.0
        D:9 |    1635 |       0 |   0.0 |      18 |       0 |   0.0
       D:10 |    2449 |     847 |  25.7 |      19 |      20 |  51.3
       D:11 |    3097 |     732 |  19.1 |      20 |       4 |  16.7
     Lair:1 |    1627 |       0 |   0.0 |       9 |       0 |   0.0
     Bailey |       0 |     727 | 100.0 |       0 |      26 | 100.0
            +---------+---------+-------+---------+---------+-------

Illustrated notes

Table legend:
 A = Kills in this place as a percentage of kills in entire the game.
 B = Kills by you in this place as a percentage of kills by you in the entire game.
 C = Kills by friends in this place as a percentage of kills by friends in the entire game.
 D = Other kills in this place as a percentage of other kills in the entire game.
 E = Experience gained in this place as a percentage of experience gained in the entire game.
 F = Experience gained in this place divided by the number of levels of this place that you have seen.
                   A       B       C       D       E      F
               +-------+-------+-------+-------+-------+----------------------
         Total | 100.0 | 100.0 |   N/A |   N/A | 100.0 | 1393.5
       Dungeon |  88.3 |  88.3 |   N/A |   N/A |  87.0 | 1432.8
          Lair |   3.0 |   3.0 |   N/A |   N/A |   9.0 | 1627.0
        Bailey |   8.7 |   8.7 |   N/A |   N/A |   4.0 | 727.0
               +-------+-------+-------+-------+-------+----------------------

Table legend: (Time is in decaauts)
 A = Elapsed time spent in this place.
 B = Non-inter-level travel time spent in this place.
 C = Inter-level travel time spent in this place.
 D = Time resting spent in this place.
 E = Time spent auto-exploring this place.
 F = Levels seen in this place.
 G = Mean time per level.
                   A        B        C        D        E       F      G
               +--------+--------+--------+--------+--------+-----+--------+
         Total |  12396 |  11787 |    609 |    733 |   9335 |  13 |  953.5 |
       Dungeon |  11320 |  10712 |    608 |    514 |   8678 |  11 | 1029.1 |
          Lair |    401 |    401 |      0 |      0 |    354 |   1 |  401.0 |
        Bailey |    673 |    673 |      0 |    219 |    303 |   1 |  673.0 |
               +--------+--------+--------+--------+--------+-----+--------+

Top non-repeatable levels by time:
    D:10: 1440 daAuts
     D:4: 1277 daAuts
     D:7: 1130 daAuts
     D:3: 1111 daAuts
    D:11: 1064 daAuts
     D:1: 1063 daAuts
     D:5: 975 daAuts
     D:6: 874 daAuts
     D:9: 844 daAuts
     D:8: 790 daAuts
     D:2: 746 daAuts
  Bailey: 673 daAuts
  Lair:1: 401 daAuts
